AoeStats
← THEMADBANANAMAN

Northern Isles

510623941Analyzed
1v1 RM · 2d ago on Oct 1, 2026· 22m 55s· 2 players
Game mode
Random Map
Map size
Tiny (2 player)
Population
200
Speed
Normal
Resources
Standard
Victory
Conquest
Starting age
Dark Age
Ending age
Imperial Age
RankedLock teamsTeams togetherTeam positionsShared explorationLock speedFull tech treeHidden civsTurbo modeCheats
Victory
Defeat
🇺🇾 Sicilians · Uruguay
1420
+15
🇬🇧 Poles · United Kingdom
1397
-15
THEMADBANANAMAN
6:20 Loom
11:25 Feudal Age
16:08 Double-Bit Axe
23:14 Castle Age
22:37 Bloodlines
|FMG| Juasteint
8:00 Loom
10:01 Feudal Age
11:06 Double-Bit Axe
18:04 Castle Age
17:15 Fletching
17:36 Scale Barding Armor
17:23 Horse Collar
19:06 Medium Warships
20:43 Forging
Connection lost

Rejoining the realm…

Still unreachable

The connection could not be restored.

Session expired

The server has moved on; the page needs a fresh start.